 Dungeon Crawl Stone Soup version 0.20-a0-972-gb9bd3e6 (console) character file.

39 vuev the Skirmisher (level 3, -2/36 HPs)
             Began as a Gargoyle Berserker on Apr 9, 2017.
             Was a Follower of Trog.
             Slain by Sigmund
             ... wielding a +0 scythe
              (3 damage)
             ... on level 2 of the Dungeon.
             The game lasted 00:01:46 (1005 turns).

vuev the Skirmisher (Gargoyle Berserker)            Turns: 1005, Time: 00:01:47

Health: -2/36      AC:  5    Str: 25    XL:     3   Next: 47%
Magic:  3/3        EV: 12    Int:  7    God:    Trog [*.....]
Gold:   87         SH:  0    Dex: 10    Spells: 2/2 levels left

rFire    . . .     SeeInvis .   a - +0 mace
rCold    . . .     Gourm    .   (no shield)
rNeg     + . .     Faith    .   b - +0 animal skin
rPois    ∞         Spirit   .   (no helmet)
rElec    +         Reflect  .   (no cloak)
rCorr    .         Harm     .   (no gloves)
MR       .....                  (no boots)
Stlth    ..........             (no amulet)
Regen    0.2/turn               (no ring)
MPRegen  0.1/turn               (no ring)

@: berserking, very quick
A: negative energy resistance 1, electricity resistance, unbreathing,
petrification resistance, rot immunity, AC +3
a: Berserk, Burn Spellbooks, Renounce Religion


You were on level 2 of the Dungeon.
You worshipped Trog.
Trog was aware of your devotion.
You were very hungry.

You visited 1 branch of the dungeon, and saw 2 of its levels.

You collected 87 gold pieces.

Inventory:

Hand Weapons
 a - a +0 mace (weapon)
Missiles
 f - 62 stones (quivered)
Armour
 b - a +0 animal skin (worn)
Scrolls
 d - 4 scrolls of identify {unknown}
 h - 2 scrolls of remove curse {unknown}
 i - a scroll of fear {unknown}
 l - a scroll of enchant weapon {unknown}
Potions
 e - a potion of degeneration {unknown}
 j - a potion of heal wounds {unknown}
 k - a potion of berserk rage {unknown}
 m - a potion of haste {unknown}
 n - a potion of curing {unknown}
Comestibles
 c - a bread ration
 g - 4 chunks of flesh


   Skills:
 + Level 3.9 Fighting
 + Level 3.6 Maces & Flails
 + Level 2.2 Armour
 + Level 1.9 Dodging


You had 2 spell levels left.
You didn't know any spells.

Dungeon Overview and Level Annotations

Branches:
Dungeon (2/15)

Altars:

Annotations:
D:2 Sigmund


Innate Abilities, Weirdness & Mutations

You are resistant to torment.
Your stone body is resilient. (AC +3)
You are immune to poison.
You resist negative energy. (rN+)
You are resistant to electric shocks. (rElec)
You can survive without breathing.
You are immune to petrification.
You are immune to rotting.


Message History

The hobgoblin is lightly wounded.
The hobgoblin hits you with a club. Something hits you!
Ouch! That really hurt!
* * * LOW HITPOINT WARNING * * *
A red film seems to cover your vision as you go berserk!
You feel yourself moving faster!
You feel mighty!
You are feeling very hungry.
The hobgoblin completely misses you.
You sock the hobgoblin!
You feel the power of Trog in you as your rage grows.
You kill the hobgoblin!
Trog accepts your kill. Something hits you.
* * * LOW HITPOINT WARNING * * *
Things that are here:
a club; a hobgoblin corpse You sock something!
Something hits you.
* * * LOW HITPOINT WARNING * * *
You barely miss something. Something hits you.
You die...

###.# #.# # #.# #.# #. #.#
##.## #
##.########.######...#####
#.
........................#
......#############...###.#
#..#.## ##.## #.#
#.....#############.# #.#
###...#....{@.........# #.#
........############### #.#
.....#.## #.# .... #. #.#
.. #. #.# #. #.#
@...>################.#
......................# ##
#.####.#############


There were no monsters in sight!

Vanquished Creatures
  An ooze (D:1)
  A worm (D:2)
  2 dart slugs (D:1)
  2 bats
  4 giant cockroaches
  5 goblins
  2 hobgoblins (D:2)
  A quokka (D:2)
  2 frilled lizards
  3 kobolds
  2 rats (D:2)
25 creatures vanquished.

Notes
Turn   | Place    | Note
-------+----------+-------------------------------------------
     0 | D:1      | vuev the Gargoyle Berserker began the quest for the Orb.
     0 | D:1      | Reached XP level 1. HP: 14/14 MP: 1/1
   271 | D:1      | Reached XP level 2. HP: 17/19 MP: 2/2
   687 | D:2      | Reached XP level 3. HP: 24/24 MP: 3/3
   979 | D:2      | Noticed Sigmund
  1004 | D:2      | HP: 1/36 [something (2)]
  1005 | D:2      | Slain by Sigmund

Vault maps used:
D:1:      dpeg_arrival_pits, minmay_misc_feat_iff, minmay_misc_feat_room
D:2:      fedhas_altar_4, uniq_sigmund

Action                   || total
-------------------------++-------
Melee: Mace              ||    73
Invok: Berserk           ||     1
 Stab: Sleeping          ||     1
Armor: Animal skin       ||    31
Dodge: Dodged            ||    39
